 Dungeon Crawl Stone Soup version 0.29.1-1-gd02db6906a (webtiles) character file.

Game seed: 1052764693128629771

1171 safid the Skirmisher (level 8, -17/63 HPs)
             Began as a Minotaur Hunter on Oct 6, 2022.
             Demolished by an ogre
             ... wielding a +0 giant spiked club
              (32 damage)
             ... on level 5 of the Dungeon.
             The game lasted 00:06:04 (4917 turns).

safid the Skirmisher (Minotaur Hunter)              Turns: 4917, Time: 00:06:05

Health: -17/63     AC:  6    Str: 16    XL:     8   Next: 18%
Magic:  7/7        EV: 12    Int:  6    God:
Gold:   197        SH:  0    Dex: 16    Spells: 7/7 levels left

rFire   + . .      SeeInvis .   a - +0 shortbow
rCold   + . .      Faith    .   (shield currently unavailable)
rNeg    . . .      Spirit   .   c - +0 leather armour
rPois   .          Reflect  .   (helmet restricted)
rElec   .          Harm     .   (no cloak)
rCorr   .          Rampage  .   (no gloves)
Will    .....                   s - +2 pair of boots
Stlth   +.........              (no amulet)
HPRegen 0.20/turn               m - ring of protection from fire
MPRegen 0.10/turn               q - ring of protection from cold

@: no status effects
A: horns 2, retaliatory headbutt
a: no special abilities


You were on level 5 of the Dungeon.
You visited 1 branch of the dungeon, and saw 5 of its levels.

You collected 197 gold pieces.

Inventory:

Hand Weapons
 a - a +0 shortbow (weapon)
Armour
 c - a +0 leather armour (worn)
 s - a +2 pair of boots (worn)
Jewellery
 m - a ring of protection from fire (left hand)
 q - a ring of protection from cold (right hand)
Scrolls
 b - a scroll of immolation
 d - a scroll of amnesia {unknown}
 e - 4 scrolls of identify {unknown}
 h - 2 scrolls of teleportation {unknown}
 i - 2 scrolls of blinking {unknown}
 l - 2 scrolls of butterflies {unknown}
 n - 2 scrolls of vulnerability {unknown}
 o - a scroll of poison {unknown}
 u - 3 scrolls of enchant armour {unknown}
 v - a scroll of torment {unknown}
Potions
 f - 2 potions of berserk rage {unknown}
 g - 3 potions of mutation {unknown}
 j - 3 potions of might {unknown}
 k - a potion of heal wounds {unknown}
 p - 2 potions of degeneration {unknown}
 r - a potion of magic {unknown}
 t - a potion of brilliance {unknown}
 w - a potion of lignification {unknown}


   Skills:
 - Level 3.0 Fighting
 + Level 11.4 Ranged Weapons
 - Level 2.1 Dodging
 - Level 0.7 Stealth


You had 7 spell levels left.
You didn't know any spells.
Your spell library contained the following spells:

 Spells                   Type           Power      Damage    Failure   Level
 Stone Arrow              Conj/Erth      0%         3d7       88%         3
 Animate Armour           Summ/Erth      0%         N/A       99%         4
 Lehudib's Crystal Spear  Conj/Erth      0%         10d2      100%        8


Dungeon Overview and Level Annotations

Branches:
Dungeon (5/15)
 Temple: D:4-7

Altars:
Ashenzari

Shops:
D:2 (:

Portals:
Abyss: D:5

Annotations:
D:5 2 transporters, quakins's ghost, novice MiBe


Innate Abilities, Weirdness & Mutations

You have a pair of horns on your head.
You reflexively headbutt those who attack you in melee.


Message History

The arrow hits the ogre but does no damage.
The ogre is severely wounded.
The hound bites you.
An iguana comes into view.
Unknown command.
Fire: a) +0 shortbow
Press: ? - help, Q - select action Shift-Dir - straight line, f/p - ogre
Aim: an ogre, wielding a +0 giant spiked club (severely wounded, 79% to hit)
You shoot an arrow. The arrow barely misses the ogre.
The hound closely misses you. You furiously retaliate!
You headbutt the hound!
The ogre hits you with a +0 giant spiked club.
The hound closely misses you.
Fire: a) +0 shortbow
Press: ? - help, Q - select action Shift-Dir - straight line, f/p - ogre
Aim: an ogre, wielding a +0 giant spiked club (severely wounded, 79% to hit)
You shoot an arrow. The arrow hits the ogre.
The ogre is almost dead.
The hound barely misses you. You furiously retaliate!
You headbutt the hound, but do no damage.
A scorpion comes into view.
The ogre misses you.
Fire: a) +0 shortbow
Press: ? - help, Q - select action Shift-Dir - straight line, f/p - ogre
Aim: an ogre, wielding a +0 giant spiked club (almost dead, 79% to hit)
You shoot an arrow.
The arrow hits the ogre but does no damage.
The ogre is almost dead.
The hound bites you.
* * * LOW HITPOINT WARNING * * *
Fire: a) +0 shortbow
Press: ? - help, Q - select action Shift-Dir - straight line, f/p - ogre
Aim: an ogre, wielding a +0 giant spiked club (almost dead, 79% to hit)
You shoot an arrow.
The arrow hits the ogre but does no damage.
The ogre is almost dead.
The hound closely misses you. You furiously retaliate!
You headbutt the hound, but do no damage.
The ogre hits you with a +0 giant spiked club!!
Ouch! That really hurt!
You die...

#...............# #..
#.......#######.##.#.
#.......# #.##.
#....<..# ..# #.
####.#### #.# ## #.#
.. #.# # #.# #. #@#
#.# #.....)Oh# #.
...####l.s# ###...
#..# /.# .# ..


You could see an ogre, a scorpion, an iguana and a hound.

Vanquished Creatures
  Grinder (D:4)
  2 ogres (D:5)
  A bullfrog (D:4)
  A necrophage (D:5)
  3 wights (D:4)
  2 vampire bats (D:3)
  A howler monkey (D:3)
  4 hounds
  A jelly (D:4)
  An orc priest (D:5)
  An orc wizard (D:3)
  7 gnolls
  4 adders
  3 worms
  A dart slug (D:1)
  9 orcs
  2 endoplasms
  3 giant cockroaches
  6 hobgoblins
  8 jackals
  7 ball pythons
  13 bats
  3 frilled lizards
  3 goblins
  7 kobolds
  10 rats
104 creatures vanquished.

Notes
Turn   | Place    | Note
-------+----------+-------------------------------------------
     0 | D:1      | safid the Minotaur Hunter began the quest for the Orb.
     0 | D:1      | Reached XP level 1. HP: 18/18 MP: 0/0
    93 | D:1      | Reached XP level 2. HP: 20/25 MP: 1/1
   868 | D:1      | Found a faded altar of an unknown god.
   909 | D:1      | Reached skill level 5 in Ranged Weapons
  1179 | D:2      | Reached XP level 3. HP: 24/31 MP: 2/2
  1310 | D:2      | Found Empouxac's Weapon Boutique.
  1822 | D:2      | Found Genan's Vocational Training.
  1909 | D:3      | Reached skill level 6 in Ranged Weapons
  1909 | D:3      | Reached XP level 4. HP: 38/38 MP: 3/3
  2357 | D:3      | Reached XP level 5. HP: 45/45 MP: 4/4
  2365 | D:3      | Reached skill level 7 in Ranged Weapons
  2934 | D:3      | Reached XP level 6. HP: 51/51 MP: 5/5
  3151 | D:4      | Noticed Grinder
  3166 | D:4      | Killed Grinder
  3167 | D:4      | Reached skill level 9 in Ranged Weapons
  3236 | D:4      | Found a broken altar of Ashenzari.
  3254 | D:4      | Reached XP level 7. HP: 57/57 MP: 6/6
  3890 | D:4      | Reached skill level 10 in Ranged Weapons
  3904 | D:4      | You fall into a shaft and drop 1 floor!
  3904 | D:5      | Entered Level 5 of the Dungeon
  3924 | D:5      | Found a transporter.
  3940 | D:5      | Noticed a small abomination
  3942 | D:5      | Noticed quakins's ghost (novice MiBe)
  3974 | D:5      | Found a one-way gate to the infinite horrors of the Abyss.
  3975 | D:5      | Noticed an ancient zyme
  3989 | D:5      | Found a transporter.
  4608 | D:5      | Reached skill level 11 in Ranged Weapons
  4608 | D:5      | Reached XP level 8. HP: 33/63 MP: 7/7
  4917 | D:5      | Demolished by an ogre

Illustrated notes

Levels and vault maps discovered:
D:1:      nicolae_arrival_somewhat_less_tricky_arrival, layout_basic,
          basic_ecumenical_altar, serial_curves, eino_curves_01, eino_curves_02,
          serial_bayou_pond_d, hangedman_decor_push, grunt_decor_arrowhead,
          reono_crystal_passage
D:2:      layout_loops_ring, serial_shops, nicolae_shop_bloodbath_and_beyond,
          nicolae_shop_vocational
D:3:      layout_loops_cross, grunt_decor_one_mirror, minmay_strange_pillars,
          chequers_serial_rivers_micro_d, hangedman_decor_riveting,
          minmay_misc_feat_chi, eino_tiny_chamber, st_stairs_6,
          grunt_ministairs_14, roderic_batcave
D:4:      layout_basic, mainiacjoe_overflow_boulevard, uniq_grinder
D:5:      layout_loops_ring, nemelex_spade_bored_becter,
          gammafunk_ghost_abyssal_escape, kennysheep_cross_room,
          minmay_misc_feat_iff

Skill      XL: |  1  2  3  4  5  6  7 |
---------------+----------------------+-----
Fighting       | 3 |  3.0
Ranged Weapons | 5 6 7 9 11 | 11.4
Dodging        | |  2.1
Stealth        | |  0.7

Action                   |  1- 3 |  4- 6 |  7- 9 || total
-------------------------+-------+-------+-------++-------
 Fire: Shortbow          |    88 |   121 |   132 ||   341
  Use: Potion            |       |     1 |       ||     1
Armor: Leather armour    |     9 |    29 |    30 ||    68
Dodge: Dodged            |    25 |    39 |    69 ||   133
